cohdb
Replays
Latest Replays
All Replays
Popular Replays
Top Player Replays
Match Explorer
How It Works
Community
CoH3 Stats
Reddit
Sign in to upload your games and track your stats! →
Sign in with Steam
Match 42636873
Unlisted
Match 42636873
Overview
Messages
Build Orders
End
Construct Barracks
Selects Heavy Weapons
Riflemen Squad
Riflemen Squad
Riflemen Squad
Grenade Package
Selects M2HB .50cal Heavy Machine Gun
Construct Weapon Support Center
M1919 Machine Gun Team
Selects Assault Carriers
Infantry Support Center
Construct Medical Station
M3 Assault Carrier
M3 Assault Carrier
Selects Rapid Reposition
Riflemen Squad
Engineer Squad
Selects Bolstered Team Weapons
Advanced Logistics
M1918 Browning Automatic Rifles
Selects Exchangeable Parts
LoCo|StetoGuy
Grubby丶M
$kaffa soldier
Jd577
Heinz Desvírgensen
Abs01utezero
NorthBrown
Jesus
0
0
Comments
sign in to comment!
No comments posted yet!